 Dungeon Crawl Stone Soup version 0.31.0-11-ge490571c62 (webtiles) character file.

Game seed: 167939373052372511

12 qw the Shooter (level 2, 0/16 HPs)
             Began as a Deep Elf Hunter on Feb 4, 2024.
             Slain by a ball python (2 damage)
             ... on level 1 of the Dungeon.
             The game lasted 00:00:00 (184 turns).

qw the Shooter (Deep Elf Hunter)                     Turns: 184, Time: 00:00:01

Health: 0/16       AC:  3    Str:  8    XL:     2   Next: 20%
Magic:  4/4        EV: 12    Int: 13    God:
Gold:   17         SH:  0    Dex: 18    Spells: 1/1 levels left

rFire   . . .        a - +0 shortbow
rCold   . . .        (shield currently unavailable)
rNeg    . . .        c - +0 leather armour
rPois   .            (no helmet)
rElec   .            (no cloak)
rCorr   .            (no gloves)
SInv    .            (no boots)
Will    .....        (no amulet)
Stlth   ++           (no ring)
HPRegen 0.22/turn    (no ring)
MPRegen 0.09/turn

%: no passive effects
@: no status effects
A: no striking features
a: no special abilities


You were on level 1 of the Dungeon.
You visited 1 branch of the dungeon, and saw 1 of its levels.

You collected 17 gold pieces.


   Skills:
 - Level 1.5 Fighting
 + Level 6.1 Ranged Weapons
 - Level 2.4 Dodging
 - Level 1.2 Stealth


You had one spell level left.
You didn't know any spells.
Your spell library was empty.

Inventory:

Hand Weapons
 a - a +0 shortbow (weapon)
Armour
 c - a +0 leather armour (worn)
Scrolls
 b - a scroll of butterflies
 d - a scroll of identify {unknown}
 e - a scroll of vulnerability {unknown}
 f - a scroll of immolation {unknown}
 h - a scroll of teleportation {unknown}
Potions
 g - a potion of haste {unknown}

Dungeon Overview and Level Annotations

Branches:
Dungeon (1/15)

Altars:


Message History

The ball python hisses angrily.
The arrow hits the dart slug but does no damage.
You shoot an arrow. The arrow hits the dart slug.
The dart slug is severely wounded.
You shoot an arrow. The arrow hits the dart slug.
You kill the dart slug!
You shoot an arrow. The arrow closely misses the kobold.
You shoot an arrow. The arrow misses the kobold.
The ball python hisses angrily.
The kobold hits you with a +0 short sword.
You shoot an arrow. The arrow closely misses the kobold.
The kobold hits you with a +0 short sword.
You shoot an arrow. The arrow closely misses the kobold.
The ball python barely misses you. The ball python grabs you.
The ball python constricts you.
The kobold hits you with a +0 short sword.
You shoot an arrow.
The arrow barely misses the ball python.
The ball python closely misses you. The ball python constricts you.
The kobold hits you with a +0 short sword.
A hobgoblin comes into view.
The ball python bites you but does no damage.
The ball python constricts you.
You shoot an arrow. The hobgoblin shouts!
The arrow hits the ball python but does no damage.
The kobold hits you but does no damage. The ball python bites you.
The ball python constricts you. The ball python barely misses you.
The kobold hits you with a +0 short sword.
You shoot an arrow. The arrow hits the ball python.
The ball python is severely wounded.
The ball python barely misses you. The ball python constricts you.
The ball python bites you. The kobold hits you but does no damage.
The ball python bites you but does no damage.
The ball python constricts you.
The ball python bites you but does no damage.
You shoot an arrow. The arrow hits the ball python.
You kill the ball python!
The kobold barely misses you. The ball python bites you.
You die...

..... .....#### ####~~#
#.......# #.#....
##....##.# #.~....
#.....##.#####.~.<}. .
#...g##........~¤...
...##..............#¤¤..
.......S###........'#~~#
#..@...######...¤¤..
#.K###.# ##..¤... #...
#.# #.....# #.... #.#
#...#.# ##... #.#
#...#.# .... #.# #...#.#
.#.#. ..# #.....# #.....
###########.###
#####........#


You could see a hobgoblin, a ball python and a kobold.

Vanquished Creatures
  A dart slug (D:1)
  A bat (D:1)
  3 endoplasms (D:1)
  A hobgoblin (D:1)
  2 ball pythons (D:1)
  A kobold (D:1)
  2 rats (D:1)
11 creatures vanquished.

Notes
Turn   | Place    | Note
-------+----------+-------------------------------------------
     0 | D:1      | qw the Deep Elf Hunter began the quest for the Orb.
     0 | D:1      | Reached XP level 1. HP: 12/12 MP: 3/3
     0 | D:1      | 0 ||| qw: Version: 0.3-a-160-g6735b56
     0 | D:1      | 0 ||| qw: Game counter: 4759
     0 | D:1      | 0 ||| qw: Melee chars always use a shield: true
     0 | D:1      | 0 ||| qw: God list: Okawaru
     0 | D:1      | 0 ||| qw: Allow faded altars: false
     0 | D:1      | 0 ||| qw: Do Orc after clearing Dungeon:15 true
     0 | D:1      | 0 ||| qw: Do second Lair branch before Depths: true
     0 | D:1      | 0 ||| qw: Lair rune preference: random
     0 | D:1      | 0 ||| qw: Goals: Normal
     0 | D:1      | 0 ||| PLANNING D:1-11
   114 | D:1      | Reached skill level 6 in Ranged Weapons
   114 | D:1      | Reached XP level 2. HP: 16/16 MP: 4/4
   182 | D:1      | HP: 4/16 [kobold/+0 short sword (1)]
   183 | D:1      | HP: 1/16 [constriction (1)]
   184 | D:1      | Slain by a ball python

Levels and vault maps discovered:
D:1:      dpeg_arrival_rooms_with_view, layout_loops_cross

Skill      XL: |  1 |
---------------+----+-----
Ranged Weapons | 6 |  6.1
Fighting       | |  1.5
Dodging        | |  2.4
Stealth        | |  1.2

Action                     || total
---------------------------++-------
   Fire: Shortbow          ||    38
 Armour: Leather armour    ||    15
  Dodge: Dodged            ||     7

Table legend:
 A = Non-vault XP
 B = Vault XP
 C = Vault XP percentage of total XP
 D = Non-vault monster count
 E = Vault monster count
 F = Vault count percentage of total count
                 A         B        C        D         E       F
            +---------+---------+-------+---------+---------+-------
      Total |      17 |       2 |  10.5 |      10 |       1 |   9.1
            +---------+---------+-------+---------+---------+-------
        D:1 |      17 |       2 |  10.5 |      10 |       1 |   9.1
            +---------+---------+-------+---------+---------+-------
